Kradschützen Motorcycle Team
Selects Panzerjäger Kommand Battlegroup
Selects Blockade Equipment
Construct Light Support Kompanie
Panzerjäger Mechanized Group
Selects Crew Shock Tactics
Construct Panzerarmee Kommand
Walking Stuka Rocket Launcher
Selects Anti-tank Overwatch
Selects Defensive Positions
Selects Butterfly Bomb Drop
Flak 36 Anti-tank Gun Team
Flak 36 Anti-tank Gun Team
Flak 36 Anti-tank Gun Team